 Dungeon Crawl Stone Soup version 0.31-a0-237-g2d982f9f85 (webtiles) character file.

Game seed: 8323555394668700604

5652 cforsyth the Grappler (level 10, -4/105 HPs)
             Began as an Ogre Transmuter on July 11, 2023.
             Was a Believer of Hepliaklqana.
             Shot with an arrow by a centaur warrior (23 damage)
             ... on level 9 of the Dungeon on July 12, 2023.
             The game lasted 00:17:03 (9427 turns).

cforsyth the Grappler (Ogre Transmuter)             Turns: 9427, Time: 00:17:03

Health: -4/105     AC:  6    Str: 16    XL:     10   Next: 74%
Magic:  13/13      EV: 16    Int: 18    God:    Hepliaklqana [**....]
Gold:   295        SH:  0    Dex: 11    Spells: 3/13 levels left

rFire   x .          .
                       - Unarmed
rCold   + + +        (shield currently unavailable)
rNeg    . . .        a - melded +0 robe
rPois   +            (helmet currently unavailable)
rElec   +            C - melded +0 cloak
rCorr   .            (gloves unavailable)
SInv    .            (boots unavailable)
Will    .....        H - amulet of magic regeneration
Stlth   +            g - ring "Xeemarun" {rElec rC+ Will- Dex+2 Slay+4}
HPRegen 0.37/turn    e - +5 ring of evasion
MPRegen 0.53/turn

%: no passive effects
@: ice-form (expiring), very slightly contaminated
A: freezing attack, amphibious, boosted hp, reduced essence, large, unfitting
armour, (tough skin 1)
a: End Transformation, Renounce Religion, Recall Ancestor, Ancestor Identity


You were on level 9 of the Dungeon.
You worshipped Hepliaklqana.
Hepliaklqana was pleased with you.
You were a creature of crystalline ice.
You visited 2 branches of the dungeon, and saw 10 of its levels.
You also visited: Ossuary.

You collected 438 gold pieces.
You spent 143 gold pieces at shops.

Inventory:

Armour
 a - a +0 robe (melded)
 C - a +0 cloak (melded)
Jewellery
 e - a +5 ring of evasion (right front paw)
 g - the ring "Xeemarun" (left front paw) {rElec rC+ Will- Dex+2 Slay+4}
   (You found it on level 2 of the Dungeon)

   [ring of slaying]

   Dex:       It affects your dexterity (+2).
   Slay:      It affects your accuracy & damage with ranged weapons and melee
   (+4).
   rC:        It protects you from cold.
   rElec:     It insulates you from electricity.
   Will:      It decreases your willpower.
 h - a ring of fire
 p - a +6 ring of strength
 z - a ring of protection from fire
 A - a ring of see invisible
 F - a ring of ice
 H - an amulet of magic regeneration (around neck)
Wands
 B - a wand of digging (15)
 G - a wand of acid (7)
 I - a wand of flame (17)
Scrolls
 b - a scroll of revelation
 d - 2 scrolls of fog {unknown}
 i - a scroll of enchant weapon {unknown}
 l - 5 scrolls of teleportation {unknown}
 r - 2 scrolls of fear
 t - a scroll of torment {unknown}
 v - a scroll of immolation {unknown}
 w - 3 scrolls of amnesia {unknown}
 x - a scroll of identify
 y - a scroll of noise {unknown}
 D - a scroll of enchant armour {unknown}
Potions
 c - 4 potions of heal wounds
 f - 8 potions of curing
 j - 3 potions of invisibility {unknown}
 k - a potion of attraction {unknown}
 m - a potion of berserk rage {unknown}
 n - 5 potions of brilliance
 o - 3 potions of enlightenment
 q - 2 potions of ambrosia
 s - a potion of degeneration {unknown}
 u - a potion of magic {unknown}
 E - 2 potions of might


   Skills:
 + Level 5.9 Fighting
 + Level 4.3 Dodging
 * Level 12.1 Unarmed Combat
 - Level 2.4 Spellcasting
 * Level 6.2 Transmutations


You had 3 spell levels left.
You knew the following spells:

 Your Spells              Type           Power      Damage    Failure   Level
a - Beastly Appendage     Tmut           48%        N/A       1%          1
b - Wereblood             Tmut           24%        N/A       1%          2
c - Spider Form           Tmut/Pois      13%        N/A       14%         3
d - Ice Form              Ice/Tmut       13%        N/A       43%         4

Your spell library contained the following spells:

 Spells                   Type           Power      Damage    Failure   Level
 Sublimation of Blood     Necr           2%         N/A       26%         2
 Summon Hydra             Summ           1%         N/A       100%        7
 Borgnjor's Revivificati  Necr           1%         N/A       100%        8
 Necromutation            Tmut/Necr      6%         N/A       100%        8
 Death's Door             Necr           1%         N/A       100%        9


Dungeon Overview and Level Annotations

Branches:
Dungeon (9/15)             Temple (1/1) D:5         Ossuary (visited)
   Lair: D:8-11         Orc: D:9-12

Altars:
Ashenzari
Cheibriados
Dithmenos
Elyvilon
Gozag
Hepliaklqana
Kikubaaqudgha
Nemelex Xobeh
Okawaru
Qazlal
Ru
Sif Muna
Vehumet
Wu Jian
Xom
Yredelemnul
Zin
The Shining One

Shops:
D:1 *   D:3 (*:!*   D:5 !

Annotations:
D:8 2 transporters, 1 runed translucent door, Pokonic1's ghost, novice HuBe


Innate Abilities, Weirdness & Mutations

You are a creature of crystalline ice.
You have a powerful freezing melee attack.
You are amphibious.
Your maximum health is increased.
Your armour is entirely melded.
You are incapable of wielding weapons or throwing items.
Your life essence is reduced to manifest your ancestor. (-10% HP)
You are too large for most types of armour.
((You have tough skin. (AC +1)))


Message History

Your Transmutations skill increases to level 6!
You punch the yak! You freeze the yak.
The yak is severely wounded.
Edmée hits the yak with a +0 flail!
The yak dies!
You punch the yak! You freeze the yak!
The yak is severely wounded.
The yak gores you but does no damage.
You pummel the yak!! You freeze the yak.
You kill the yak!
No target in view!
No target in view!
No target in view!
Magic restored.
A centaur is nearby!
The centaur wields a +0 orcbow.
The centaur shoots an arrow.
The arrow hits you!
You swap places.
The centaur shoots an arrow.
The arrow hits you!
The centaur shoots an arrow.
The arrow hits you!
There is a snail-covered altar of Cheibriados here.
Your transformation is almost over.
The centaur shoots an arrow.
The arrow closely misses you.
Edmée blocks the arrow.
The centaur shoots an arrow.
The arrow hits you!
The centaur shoots an arrow.
The arrow closely misses you.
The arrow closely misses Edmée.
The centaur shoots an arrow.
The arrow hits you but does no damage.
The centaur unwields a +0 orcbow.
The centaur closely misses you.
The centaur kicks you but does no damage.
The centaur hits you. The centaur misses you.
You pummel the centaur!! You freeze the centaur.
You kill the centaur!
The centaur warrior wields a +0 shortbow.
The centaur warrior shoots an arrow.
The arrow barely misses Edmée.
The arrow hits you!!
You see here a +0 orcbow.
You enter the shallow water.
The centaur warrior shoots an arrow.
The arrow hits you!
* * * LOW HITPOINT WARNING * * *
The centaur warrior shoots an arrow.
The arrow hits you!!
You die...

...................~.
..~.~.~.~.~.~.~.~.≈.~.
.~.~.~.~.≈.~.~.~...~...
............>.~.~.~.~.~#
#.~.~.~.~.~.~.~.~.........
#~.~.~.........~.~.~.~.~.#
#.~.~..†~.~.~.......~.....
#~.~.~.~<._÷.Y.....~.~.~###
#.~.~.....~.~.~...~.~....e
#~.~.~.~.~.....).~.~.~.~# .
#.~.≈.......~.~.....~.~.##..
#~.~<~.~.~.~.....~..........
#.~.≈)....≈.~.~...~.~.~.#.
#~.~[~.~.~.~R....~.~.~.~#
#.~.≈......c..~...~.≈.~Y#
#~.~.~.~.~.~.~...~.~.~.c#


You could see the friendly Edmée the knight and a centaur warrior (ally target).

Vanquished Creatures
  A deep elf pyromancer (D:8)
  An ugly thing (D:8)
  Grinder (D:4)
  Sigmund (D:5)
  A wyvern (D:9)
  4 yaks
  Eustachio (D:4)
  A steam dragon (D:7)
  An acid dragon (D:9)
  Edmund (D:4)
  3 water moccasins
  An ice beast (D:5)
  3 ogres
  A black bear (D:6)
  A centaur (D:9)
  A kobold brigand (D:8)
  4 bullfrogs
  4 scorpions
  2 water moccasin zombies (Ossuary)
  4 wights (D:7)
  A howler monkey (D:8)
  An electric eel (D:9)
  2 centaur zombies (Ossuary)
  6 hounds
  A jelly (D:4)
  A human zombie (Ossuary)
  2 orc priests (D:4)
  An iguana (D:5)
  7 orc wizards
  A scorpion zombie (Ossuary)
  A sleepcap (D:5)
  An ogre zombie (Ossuary)
  A mummy (Ossuary)
  3 gnolls
  2 adders
  3 shadow imps
  2 ufetubi (D:6)
  3 adder zombies (Ossuary)
  A worm (D:3)
  3 dart slugs
  27 orcs
  4 bats
  9 endoplasms
  2 giant cockroaches (D:1)
  6 goblins
  8 hobgoblins
  7 kobolds
  3 quokkas
  6 ball pythons
  A frilled lizard (D:1)
  2 gnoll zombies (Ossuary)
  3 goblin zombies (Ossuary)
  A hobgoblin zombie (Ossuary)
  4 orc zombies (Ossuary)
  5 rats
168 creatures vanquished.

Vanquished Creatures (collateral kills)
  2 yaks (D:9)
  A water moccasin (D:9)
  A bullfrog (D:7)
  A gnoll sergeant (D:9)
  A wight (D:7)
  An electric eel (D:9)
  2 orc priests (D:8)
  2 orcs
  A kobold (D:8)
12 creatures vanquished.

Vanquished Creatures (others)
  A knight (D:7)
1 creature vanquished.

Grand Total: 181 creatures vanquished

Notes
Turn   | Place    | Note
-------+----------+-------------------------------------------
     0 | D:1      | cforsyth the Ogre Transmuter began the quest for the Orb.
     0 | D:1      | Reached XP level 1. HP: 19/19 MP: 3/3
   168 | D:1      | Reached skill level 3 in Unarmed Combat
   261 | D:1      | Reached XP level 2. HP: 27/27 MP: 3/5
   590 | D:1      | Found Yjiutt's General Store.
   799 | D:2      | Identified the ring "Xeemarun" {rElec rC+ Will- Dex+2
                  | Slay+4}
   945 | D:2      | Reached XP level 3. HP: 32/33 MP: 4/6
  1115 | D:2      | Reached skill level 4 in Unarmed Combat
  1140 | D:2      | You fall into a shaft and drop 2 floors!
  1189 | D:4      | Learned a level 2 spell: Wereblood
  1193 | D:4      | Learned a level 3 spell: Spider Form
  1249 | D:4      | Reached XP level 4. HP: 31/41 MP: 5/7
  1325 | D:4      | Noticed a scorpion
  1336 | D:4      | Killed a scorpion
  1337 | D:4      | Reached skill level 5 in Unarmed Combat
  1337 | D:4      | Reached XP level 5. HP: 36/48 MP: 8/8
  1468 | D:3      | Found Jathrum's Distillery.
  1508 | D:3      | Found Laniriesm's Book Shop.
  1805 | D:3      | Found Ysun's Assorted Antiques.
  1808 | D:3      | Bought a scroll labelled GEW SIRPHOSA for 17 gold pieces
  1808 | D:3      | Bought a scroll labelled GEW SIRPHOSA for 17 gold pieces
  1808 | D:3      | Bought 2 sedimented red potions for 30 gold pieces
  1906 | D:3      | Found Wuaf's Antique Weapon Boutique.
  2031 | D:3      | Found Icluw's Assorted Antiques.
  2041 | D:3      | Bought a scroll labelled TASYPTELAO for 22 gold pieces
  2041 | D:3      | Bought a silvery potion for 19 gold pieces
  2041 | D:3      | Bought a smoky puce potion for 19 gold pieces
  2041 | D:3      | Bought a silvery potion for 19 gold pieces
  2490 | D:4      | Found a shadowy altar of Dithmenos.
  2497 | D:4      | Reached XP level 6. HP: 55/55 MP: 7/9
  2514 | D:4      | Noticed Edmund
  2538 | D:4      | Killed Edmund
  2539 | D:4      | Reached skill level 6 in Unarmed Combat
  2886 | D:4      | Noticed Eustachio
  2895 | D:4      | Killed Eustachio
  2896 | D:4      | Reached skill level 7 in Unarmed Combat
  2896 | D:4      | Reached XP level 7. HP: 57/62 MP: 6/10
  3050 | D:4      | Found a sacrificial altar of Ru.
  3238 | D:4      | Reached skill level 8 in Unarmed Combat
  3472 | D:4      | Noticed Grinder
  3489 | D:4      | Paralysed by Grinder for 4 turns
  3492 | D:4      | Killed Grinder
  3493 | D:4      | Reached XP level 8. HP: 47/70 MP: 6/11
  3701 | D:5      | Entered Level 5 of the Dungeon
  3707 | D:5      | Noticed Sigmund
  3744 | D:5      | Reached skill level 9 in Unarmed Combat
  3819 | D:5      | Found Ducsem's Distillery.
  3834 | D:5      | Found a staircase to the Ecumenical Temple.
  3839 | Temple   | Entered the Ecumenical Temple
  3850 | Temple   | Became a worshipper of Hepliaklqana the Forgotten
  3875 | D:5      | Found a sand-covered staircase.
  3882 | Ossuary  | Entered an ossuary
  4287 | Ossuary  | Noticed a silent spectre
  4484 | D:5      | Reached skill level 10 in Unarmed Combat
  4541 | D:5      | Found a basalt altar of Yredelemnul.
  4811 | D:5      | Killed Sigmund
  4935 | D:5      | Reached XP level 9. HP: 60/76 MP: 4/12
  5057 | D:5      | Learned a level 4 spell: Ice Form
  5711 | D:6      | Reached * piety under Hepliaklqana
  6368 | D:7      | Found a stormy altar of Qazlal.
  6368 | D:7      | Found a radiant altar of Vehumet.
  6380 | D:7      | Found a white marble altar of Elyvilon.
  6382 | D:7      | Found a sparkling altar of Nemelex Xobeh.
  6383 | D:7      | Found a shimmering blue altar of Sif Muna.
  6409 | D:7      | Found an opulent altar of Gozag.
  6625 | D:7      | Reached skill level 11 in Unarmed Combat
  6805 | D:7      | Found an iron altar of Okawaru.
  6902 | D:7      | Reached ** piety under Hepliaklqana
  6903 | D:7      | Remembered your ancestor Edmée as a knight
  7604 | D:8      | Noticed a purple ugly thing
  7611 | D:8      | Killed a purple ugly thing
  7612 | D:8      | Reached XP level 10. HP: 82/84 MP: 8/13
  7808 | D:8      | Found a transporter.
  7809 | D:8      | Noticed a tengu warrior
  7821 | D:8      | Found a transporter.
  7857 | D:8      | Found a shimmering altar of Xom.
  7863 | D:8      | Found a glowing silver altar of Zin.
  7863 | D:8      | Found an ancient bone altar of Kikubaaqudgha.
  7976 | D:8      | Found a shimmering altar of Xom.
  7976 | D:8      | Noticed Pokonic1's ghost (novice HuBe)
  7976 | D:8      | Noticed a +0 flail of chaos
  7977 | D:8      | Found a runed translucent door.
  8449 | D:8      | Reached skill level 5 in Transmutations
  8622 | D:9      | Found a snail-covered altar of Cheibriados.
  8943 | D:9      | Reached skill level 5 in Fighting
  8944 | D:9      | Noticed a centaur warrior
  8956 | D:9      | Noticed a deep elf pyromancer
  9174 | D:8      | Killed a deep elf pyromancer
  9177 | D:8      | Reached skill level 12 in Unarmed Combat
  9427 | D:9      | Shot with an arrow by a centaur warrior

Illustrated notes

Levels and vault maps discovered:
D:1:      dpeg_arrival_short_road, layout_loops_ring, serial_shops,
          nicolae_shop_trees, minmay_distorted
D:2:      layout_basic
D:3:      layout_basic, serial_shops, nicolae_lakefront_shop,
          nicolae_shop_hallway_stairs, shop, shop,
          nicolae_shop_tiny_real_fake_doors
D:4:      layout_cave_pods, nicolae_dithmenos_shadow_blocks,
          nicolae_overflow_crystal_walls, chequers_jeans, uniq_edmund,
          uniq_grinder, uniq_eustachio
D:5:      layout_basic, lemuel_tele_altar, minmay_temple_entry_gardened_gates,
          chequers_ossuary_entry_cave, serial_shops, shop, serial_curves,
          eino_curves_03, eino_curves_01, corner_web_ring, uniq_sigmund
D:6:      layout_basic
D:7:      layout_gridville, nicolae_gozag_seed_capital,
          nicolae_overflow_macrodata_refinement,
          mainiacjoe_overflow_large_starburst
D:8:      layout_basic, gammafunk_temple_overflow_arena, ebering_ghost_xom,
          small_chamber_with_monster, kennysheep_generic_room_2
D:9:      minmay_inner_zag, layout_basic, overflow_temple_1_default,
          minmay_ruined_shrine, uniq_maurice
Temple:   hellmonk_temple_of_storms

Skill      XL: |  1  2  3  4  5  6  7  8  9 10 |
---------------+-------------------------------+-----
Unarmed Combat | 3 4 5 7 8 10 11 12 | 12.1
Transmutations | 4 6 |  6.2
Dodging        | 3 4 |  4.3
Fighting       | 4 5 |  5.9
Spellcasting   | |  2.4

Action                     |  1- 3 |  4- 6 |  7- 9 | 10-12 || total
---------------------------+-------+-------+-------+-------++-------
  Melee: Unarmed           |    63 |    97 |   221 |    71 ||   452
         Headbutt          |     6 |     3 |    12 |     6 ||    27
         Punch             |     3 |     3 |     5 |     2 ||    13
         Kick              |    15 |    14 |    28 |     6 ||    63
   Cast: Beastly Appendage |    28 |    27 |    30 |     3 ||    88
         Spider Form       |       |     3 |    17 |     1 ||    21
         Ice Form          |       |       |     3 |     3 ||     6
 Invoke: Ancestor Life: Kn |       |       |     1 |       ||     1
         Recall Ancestor   |       |       |       |     1 ||     1
    Use: Potion            |       |     1 |       |       ||     1
         Scroll            |       |       |     9 |     1 ||    10
   Stab: Sleeping          |     1 |     2 |     1 |       ||     4
 Armour: Robe              |    16 |    12 |    14 |     8 ||    50
         Skin              |       |    13 |     5 |     5 ||    23
  Dodge: Dodged            |    26 |    43 |   174 |    71 ||   314

Table legend: (Time is in decaauts)
 A = Elapsed time spent in this place.
 B = Non-inter-level travel time spent in this place.
 C = Inter-level travel time spent in this place.
 D = Time resting spent in this place.
 E = Time spent auto-exploring this place.
 F = Levels seen in this place.
 G = Mean time per level.
                   A        B        C        D        E       F      G
               +--------+--------+--------+--------+--------+-----+--------+
         Total |   9358 |   9108 |    250 |   1265 |   6302 |  11 |  850.7 |
       Dungeon |   8889 |   8650 |    239 |   1044 |   6301 |   9 |  987.7 |
        Temple |     22 |     11 |     11 |      0 |      0 |   1 |   22.0 |
       Ossuary |    446 |    446 |      0 |    221 |      1 |   1 |  446.0 |
               +--------+--------+--------+--------+--------+-----+--------+

Top non-repeatable levels by time:
     D:8: 1783 daAuts
     D:4: 1707 daAuts
     D:6: 1446 daAuts
     D:7: 962 daAuts
     D:5: 899 daAuts
     D:3: 837 daAuts
     D:1: 773 daAuts
 Ossuary: 446 daAuts
     D:2: 362 daAuts
     D:9: 115 daAuts
  Temple: 22 daAuts
